 Dungeon Crawl Stone Soup version 0.31-a0-1499-ge0622b2318 (webtiles) character file.

Game seed: 6896906736168792403

586 SecretSquirrel the Shield-Bearer (level 7, -2/44 HPs)
             Began as a Gargoyle Fighter on Dec 29, 2023.
             Was an Initiate of Okawaru.
             Incinerated by a bombardier beetle (8 damage)
             ... with a burning spray
             ... on level 4 of the Dungeon.
             The game lasted 00:10:51 (3057 turns).

SecretSquirrel the Shield-Bearer (Gargoyle Fighter) Turns: 3057, Time: 00:10:51

Health: -2/44      AC: 16    Str: 22    XL:     7   Next: 37%
Magic:  7/7        EV:  8    Int:  8    God:    Okawaru [......]
Gold:   1070       SH:  4    Dex:  9    Spells: 6/6 levels left

rFire   . . .        b - +0 morningstar
rCold   . . .        c - +0 buckler
rNeg    + . .        m - +0 chain mail
rPois   ∞            q - +1 helmet
rElec   +            (no cloak)
rCorr   .            (no gloves)
SInv    .            (no boots)
Will    .....        (no amulet) Stlth
                     (no ring)
HPRegen 0.27/turn    (no ring)
MPRegen 0.10/turn

%: no passive effects
@: on fire, glowing
A: sickness immunity, AC +4, negative energy resistance 1, electricity
resistance, torment resistance 1, petrification resistance
a: Renounce Religion


You were on level 4 of the Dungeon.
You worshipped Okawaru.
Okawaru was noncommittal.
You visited 1 branch of the dungeon, and saw 5 of its levels.

You collected 1070 gold pieces.

Inventory:

Hand Weapons
 a - a +1 flail of protection
 b - a +0 morningstar (weapon)
Missiles
 h - 6 poisoned darts
Armour
 c - a +0 buckler (worn)
 m - a +0 chain mail (worn)
 q - a +1 helmet (worn)
Wands
 e - a wand of charming (8)
Scrolls
 f - a scroll of enchant armour
 g - a scroll of teleportation
Potions
 d - a potion of might
 l - 2 potions of invisibility {unknown}
 o - a potion of lignification {unknown}


   Skills:
 - Level 5.0 Fighting
 - Level 5.0 Maces & Flails
 - Level 5.0 Armour
 - Level 5.0 Shields
 + Level 1.3 Invocations


You had 6 spell levels left.
You didn't know any spells.
Your spell library contained the following spells:

 Spells                   Type           Power      Damage    Failure   Level
 Magic Dart               Conj           0%         1d3       97%         1
 Blink                    Tloc           0%         N/A       99%         2
 Fugue of the Fallen      Necr           0%         N/A       100%        3
 Ozocubu's Armour         Ice            0%         N/A       100%        3
 Manifold Assault         Tloc           0%         N/A       100%        4
 Call Imp                 Summ           Unusable   N/A       N/A         2

Dungeon Overview and Level Annotations

Branches:
Dungeon (5/15)
 Temple: D:4-7

Altars:
Okawaru
Wu Jian

Shops:
D:2 (


Innate Abilities, Weirdness & Mutations

You are immune to sickness and miasma.
Your stone body is resilient. (AC +4)
You are immune to poison.
You resist negative energy. (rN+)
You are resistant to electric shocks. (rElec)
You are resistant to unholy torment.
You are immune to petrification.


Message History

It was a scroll of fear.
You open the door.
There is an open door here.
A bombardier beetle comes into view.
Found 2 amethyst potions.
The bombardier beetle sprays incendiary fluid at you.
The burning spray hits you.
You are covered in liquid fire!
You shake off some of the fire as you move.
The liquid fire burns you!
You barely miss the bombardier beetle. The liquid fire burns you!
The bombardier beetle closely misses you.
You puncture the bombardier beetle!
The bombardier beetle is heavily wounded.
The liquid fire burns you!
The bombardier beetle sprays incendiary fluid at you.
The burning spray hits you.
You are even more covered in liquid fire!
You closely miss the bombardier beetle.
The bombardier beetle is heavily wounded.
The liquid fire burns you!
You hit the bombardier beetle.
The bombardier beetle is heavily wounded.
The liquid fire burns you!
The bombardier beetle bites you but does no damage.
You hit the bombardier beetle.
The bombardier beetle is severely wounded.
The liquid fire burns you!
The bombardier beetle bites you but does no damage.
You closely miss the bombardier beetle.
The bombardier beetle is severely wounded.
The liquid fire burns you!
* * * LOW HITPOINT WARNING * * *
You block the bombardier beetle's attack.
You thump the bombardier beetle!
You kill the bombardier beetle!
Okawaru accepts your kill. The liquid fire burns you!
You die...

#......##.#.#.# #......##......
#......####.#.# #......# #.#.#
#......####.#.#
##########...........#..
...!.........#.#######..
..............).......>.
.......@.......#........
#####################...#........
..........# ##..#........
..........############..#######.#
..........'.............# #.#
..........######.......########.#
..........# #.................
.....####.######........#######.#
..............##.........##.##...


There were no monsters in sight!

Vanquished Creatures
  Grinder (D:3)
  A scorpion (D:4)
  A bombardier beetle (D:4)
  An orc priest (D:4)
  Terence (D:3)
  Natasha (thrice) (D:3)
  An iguana (D:3)
  Ijyb (D:3)
  2 gnolls (D:1)
  4 adders
  6 orcs
  8 bats
  8 endoplasms
  2 giant cockroaches
  8 goblins
  7 hobgoblins
  5 jackals
  6 quokkas
  5 ball pythons
  6 frilled lizards
  4 kobolds
  8 rats
89 creatures vanquished.

Notes
Turn   | Place    | Note
-------+----------+-------------------------------------------
     0 | D:1      | SecretSquirrel the Gargoyle Fighter began the quest for the
                  | Orb.
     0 | D:1      | Reached XP level 1. HP: 14/14 MP: 1/1
   113 | D:1      | Reached XP level 2. HP: 19/19 MP: 2/2
   282 | D:1      | Reached XP level 3. HP: 23/23 MP: 3/3
   505 | D:1      | HP: 1/23 [gnoll/+0 club (1)]
   696 | D:2      | Reached XP level 4. HP: 28/28 MP: 4/4
  1147 | D:2      | Found an ornate altar of the Wu Jian Council.
  1168 | D:2      | Found Qewkaff's Weapon Shop.
  1524 | D:3      | Noticed Grinder
  1525 | D:3      | Noticed Ijyb
  1526 | D:3      | Paralysed by Grinder for 2 turns
  1544 | D:3      | Paralysed by Grinder for 3 turns
  1550 | D:3      | Paralysed by Grinder for 5 turns
  1567 | D:3      | Killed Ijyb
  1568 | D:3      | Reached XP level 5. HP: 15/33 MP: 5/5
  1575 | D:3      | Killed Grinder
  1576 | D:3      | Reached skill level 5 in Shields
  1576 | D:3      | Reached XP level 6. HP: 18/39 MP: 6/6
  1829 | D:3      | Noticed Natasha
  1835 | D:3      | Killed Natasha
  1932 | D:3      | Noticed Terence
  1950 | D:3      | Killed Terence
  2258 | D:3      | Noticed Natasha
  2268 | D:3      | Killed Natasha
  2269 | D:3      | Reached XP level 7. HP: 40/44 MP: 7/7
  2393 | D:3      | Noticed Natasha
  2413 | D:3      | Killed Natasha
  2583 | D:4      | Found an iron altar of Okawaru.
  2588 | D:4      | Became a worshipper of Warmaster Okawaru
  2681 | D:5      | Entered Level 5 of the Dungeon
  2691 | D:4      | Reached skill level 5 in Maces & Flails
  2719 | D:4      | Reached skill level 5 in Fighting
  2719 | D:4      | Reached skill level 5 in Armour
  2719 | D:4      | Reached skill level 1 in Invocations
  3016 | D:4      | Identified a scroll of acquirement
  3016 | D:4      | Acquired 944 gold pieces
  3057 | D:4      | Incinerated by a bombardier beetle

Illustrated notes

Levels and vault maps discovered:
D:1:      doesnt_arrival_eight_statues, layout_loops_cross,
          minmay_tiny_reverse_x
D:2:      layout_rooms, serial_shops, shop, basic_altar,
          minmay_misc_feat_more_columns
D:3:      layout_basic, serial_bayou_pond_c, uniq_ijyb, uniq_terence,
          uniq_natasha, uniq_grinder
D:4:      old_forge, layout_basic, okawaru_trees_2, temple_fountains
D:5:      corexii_shantytown, layout_loops_ring, mainiacjoe_overflow_alcove_1,
          gammafunk_ghost_abyssal_escape

Skill      XL: |  1  2  3  4  5  6  7 |
---------------+----------------------+-----
Shields        | 4 5 |  5.0
Maces & Flails | 3 4 5 |  5.0
Fighting       | 4 5 |  5.0
Armour         | 4 5 |  5.0
Invocations    | 1 |  1.3

Action                     |  1- 3 |  4- 6 |  7- 9 || total
---------------------------+-------+-------+-------++-------
  Melee: Flail             |    63 |   173 |    49 ||   285
         Morningstar       |       |       |    23 ||    23
   Fire: Sling             |    46 |       |       ||    46
    Use: Scroll            |       |     6 |     3 ||     9
         Potion            |       |     3 |       ||     3
 Armour: Scale mail        |    91 |     3 |       ||    94
         Chain mail        |       |   194 |    71 ||   265
  Dodge: Dodged            |    59 |   105 |    40 ||   204
  Block: Buckler           |    25 |    55 |    28 ||   108

Table legend: (Time is in decaauts)
 A = Elapsed time spent in this place.
 B = Non-inter-level travel time spent in this place.
 C = Inter-level travel time spent in this place.
 D = Time resting spent in this place.
 E = Time spent auto-exploring this place.
 F = Levels seen in this place.
 G = Mean time per level.
                   A        B        C        D        E       F      G
               +--------+--------+--------+--------+--------+-----+--------+
         Total |   3148 |   3083 |     65 |    188 |   1870 |   5 |  629.6 |
       Dungeon |   3148 |   3083 |     65 |    188 |   1870 |   5 |  629.6 |
               +--------+--------+--------+--------+--------+-----+--------+

Top non-repeatable levels by time:
     D:3: 1098 daAuts
     D:1: 895 daAuts
     D:2: 594 daAuts
     D:4: 549 daAuts
     D:5: 11 daAuts
